 Dungeon Crawl Stone Soup version 0.19.1 (webtiles) character file.

51412 rastmirit1 the Peltast (level 14, -5/117 HPs)
             Began as a Gargoyle Fighter on Nov 29, 2016.
             Was an Elder of Hepliaklqana.
             Slain by a cacodemon (8 damage)
             ... while paralysed
             ... on level 2 of the Abyss.
             The game lasted 01:00:52 (15592 turns).

rastmirit1 the Peltast (Gargoyle Fighter)          Turns: 15592, Time: 01:00:53

Health: -5/117     AC: 27    Str: 25      XL:     14   Next: 59%
Magic:  14/14      EV:  2    Int:  0 (6)  God:    Hepliaklqana [****..]
Gold:   1115       SH:  0    Dex:  4 (5)  Spells: 0 memorised, 13 levels left

rFire  + . .     SeeInvis .     v - +0 morningstar
rCold  . . .     Gourm    .     (armour currently unavailable)
rNeg   + + +     Faith    .     c - +0 shield
rPois  ∞         Spirit   .     (helmet currently unavailable)
rElec  .         Reflect  +     (cloak currently unavailable)
rCorr  .         Harm     .     (gloves currently unavailable)
MR     +....     NoTele   +     (boots currently unavailable)
Stlth  +.........               F - +3 amulet of reflection
                                E - +3 ring of strength
                                G - ring of protection from fire

@: paralysed, tree-form, slowed, lost intelligence
A: reduced essence, (big wings), clumsy 2, deterioration 2, dopey 1, negative
energy resistance 1, (electricity resistance), weak 2, (unbreathing),
petrification resistance, rot immunity, MP-powered wands, AC +9
a: Recall Ancestor, Ancestor Identity, Transference, Idealise, Renounce Religion


You were on level 2 of the Abyss.
You worshipped Hepliaklqana.
Hepliaklqana was greatly pleased with you.
You were full.
You were a tree.
You visited 3 branches of the dungeon, and saw 17 of its levels.
You visited the Abyss 1 time.

You collected 1115 gold pieces.

Inventory:

Hand Weapons
 v - a +0 morningstar (weapon)
 U - the +6 scimitar of Flaming Death {sticky flame, rPois rF++ rC- MR+}
   (You found it on level 6 of the Lair of Beasts)

   It has been specially enchanted to burn those struck by it, causing extra
   injury to most foes and up to half again as much damage against particularly
   susceptible opponents.
   Big, fiery blades are also staple armaments of hydra-hunters.
   It greatly protects you from fire.
   It makes you vulnerable to cold.
   It protects you from poison.
   It affects your resistance to hostile enchantments.
Armour
 c - a +0 shield (worn)
 i - a +0 cloak (melded)
 p - a +0 pair of boots (melded)
 x - a +0 plate armour (melded)
 R - a +2 helmet of intelligence (melded)
Jewellery
 n - a +2 amulet of reflection
 o - an uncursed amulet of the gourmand
 E - a +3 ring of strength (right branch)
 F - a +3 amulet of reflection (around neck)
 G - a ring of protection from fire (left branch)
Wands
 b - a wand of slowing (21/48)
 d - a wand of iceblast (0/15)
 g - a wand of digging (12/24)
 H - a wand of digging (9/24)
 I - a wand of digging (10/24)
 L - a wand of teleportation (4/9)
 Q - a wand of paralysis (2/24)
Scrolls
 a - a scroll of enchant weapon {unknown}
 e - a scroll of teleportation
 h - 8 scrolls of remove curse
 j - a scroll of blinking
 l - 4 scrolls of magic mapping
 r - a scroll of brand weapon {unknown}
 s - a scroll of immolation {unknown}
 w - 2 scrolls of fog
 K - a scroll of silence {unknown}
 P - a scroll of enchant armour {unknown}
 S - a scroll of identify
 T - a scroll of fear {unknown}
Potions
 q - a potion of mutation
 O - a potion of lignification
Books
 D - a book of Air

   Spells                             Type                      Level
   a - Shock                          Conjuration/Air              1
   b - Swiftness                      Charms/Air                   2
   c - Repel Missiles                 Charms/Air                   2
   d - Static Discharge               Conjuration/Air              3
   e - Lightning Bolt                 Conjuration/Air              5
Miscellaneous
 k - a lamp of fire
Comestibles
 f - 7 bread rations
 A - 2 beef jerkies
 B - 4 meat rations


   Skills:
 + Level 9.8 Fighting
 + Level 13.8 Maces & Flails
 * Level 13.5 Armour
 * Level 15.7 Shields


You had 13 spell levels left.
You didn't know any spells.

Dungeon Overview and Level Annotations

Branches:
Dungeon (10/15)            Temple (1/1) D:4            Lair (6/6) D:10
 Shoals (0/4) Lair:3       Spider (0/4) Lair:2        Slime (0/5) Lair:5
    Orc: D:9-12

Altars:
Ashenzari
Cheibriados
Dithmenos
Elyvilon
Fedhas
Gozag
Hepliaklqana
Kikubaaqudgha
Makhleb
Nemelex Xobeh
Okawaru
Qazlal
Ru
Sif Muna
Trog
Uskayaw
Vehumet
Xom
Yredelemnul
Zin
The Shining One
Jiyva

Shops:
D:9 (

Annotations:
D:9 exclusion: statue


Innate Abilities, Weirdness & Mutations

You are resistant to torment.
((Your stone body is resilient. (AC +9)))
You are immune to poison.
((Your large and strong wings let you fly indefinitely.))
You resist negative energy. (rN+)
((You are resistant to electric shocks. (rElec)))
((You can survive without breathing.))
You are immune to petrification.
You are immune to rotting.
Your life essence is reduced. (-10% HP)
You are dopey. (Int -2)
You expend magic power (3 MP) to strengthen your wands.
[You are very clumsy. (Dex -4)]
[Your body often deteriorates upon taking damage.]
[You are very weak. (Str -4)]


Message History

* * * LOW HITPOINT WARNING * * *
The living lightning hits you! You resist.
* * * LOW HITPOINT WARNING * * *
The raiju blinks!
The cacodemon hits you.
* * * LOW HITPOINT WARNING * * *
The cacodemon hits you but does no damage.
The orange demon stings you from afar.
* * * LOW HITPOINT WARNING * * *
The orange demon closely misses you.
A neqoxec comes into view.
You turn into a tree.
Your +0 cloak melds into your body.
Your +2 helmet of intelligence melds into your body.
Your +0 pair of boots melds into your body.
Your +0 plate armour melds into your body.
You feel stupid.
You have lost your intelligence.
Your roots penetrate the ground.
The neqoxec gestures.
The cacodemon hits you but does no damage.
The cacodemon hits you!
You die...

# §#.##
. ####.
. . ....
# #.. #
#...# #
. ##.##
#.# #.#
## #h#
#.#♣#
####243#
4#.# .#
.# #.# #
##


You could see a cacodemon, 2 orange demons, a raiju and a neqoxec.

Vanquished Creatures
  Rupert (Lair:6)
  Kirke (Lair:5)
  6 hydras
  A death yak (Lair:4)
  A wizard (Lair:6)
  2 large abominations (Abyss:2)
  A wolf spider (Lair:2)
  16 elephants
  A guardian serpent (Abyss:2)
  A naga mage (Abyss:2)
  The ghost of novi the Chopper, a novice MiBe of Trog (D:5)
  A black mamba (Lair:5)
  5 spiny frogs
  2 komodo dragons
  4 rime drakes
  An ice devil (Lair:6)
  A red devil (Lair:6)
  An ancient zyme (Abyss:2)
  A hornet (D:10)
  A queen bee (shapeshifter) (Abyss:2)
  Grinder (D:4)
  A dream sheep (Lair:6)
  10 blink frogs
  7 raiju (Abyss:2)
  6 hippogriffs
  2 ynoxinuls (Abyss:2)
  Sigmund (D:4)
  A wyvern (Lair:4)
  The ghost of Impy the Ogre Mage, an amateur OgWz (D:3)
  31 yaks
  A basilisk (Lair:6)
  3 fire bats (Abyss:2)
  A neqoxec (Abyss:2)
  Menkaure (D:4)
  2 hell hounds
  7 water moccasins
  5 porcupines
  A black bear (D:8)
  An ice beast (D:5)
  An orc warrior (D:8)
  A sky beast (D:10)
  An ogre (D:9)
  3 wolves (Lair:6)
  8 crocodiles
  7 bullfrogs
  A wyvern zombie (D:8)
  3 scorpions
  8 killer bees
  2 wights (D:7)
  An electric eel (Lair:2)
  2 crimson imps (D:5)
  A centaur skeleton (D:5)
  2 small abominations (Abyss:2)
  A jelly (Abyss:2)
  5 orc priests
  A bullfrog skeleton (D:9)
  A gnoll shaman (D:5)
  4 hounds
  Jessica (D:2)
  An iguana (D:7)
  6 orc wizards
  8 worker ants
  A hell rat (D:6)
  3 hound skeletons
  2 worker ant zombies
  8 adders
  5 gnolls
  11 river rats
  A shadow imp (D:9)
  An ooze (D:3)
  2 adder skeletons
  A worm (D:2)
  4 dart slugs
  7 leopard geckos
  28 orcs
  7 bats
  7 giant cockroaches
  8 goblins
  2 hobgoblins (D:2)
  4 jackals (D:3)
  5 kobolds
  3 quokkas
  2 ball pythons (D:3)
  7 frilled lizards
  2 leopard gecko skeletons
  A quokka zombie (D:9)
  30 rats
353 creatures vanquished.

Vanquished Creatures (collateral kills)
  A tentacled starspawn (Abyss:2)
  A death yak (Lair:6)
  A black mamba (Lair:3)
  7 elephants
  An orange demon (Lair:6)
  3 komodo dragons (Lair:4)
  2 spiny frogs
  2 ice devils (Lair:6)
  An ancient zyme (Abyss:2)
  A polar bear (Lair:3)
  A hellwing (Lair:6)
  A hornet (D:9)
  5 blink frogs
  3 hippogriffs
  4 yaks
  4 wyverns
  A mottled dragon (D:10)
  10 water moccasins
  3 porcupines
  2 hell hounds
  A phantom (D:7)
  2 sky beasts
  An ice beast (D:7)
  5 wolves
  6 crocodiles
  5 bullfrogs
  A small abomination (Abyss:2)
  A scorpion (D:10)
  10 killer bees
  2 wights (D:7)
  An electric eel (Lair:2)
  A bullfrog zombie (D:5)
  A quasit (D:10)
  6 orc wizards
  A hound (D:9)
  2 orc priests
  A bullfrog skeleton (D:6)
  A centaur skeleton (D:7)
  An iguana (D:5)
  A worker ant (D:9)
  A hound zombie (D:9)
  3 gnolls
  A howler monkey skeleton (D:5)
  A shadow imp (D:6)
  A leopard gecko (D:8)
  11 orcs
  3 jackals (D:8)
  A quokka (D:5)
  2 rats (D:6)
  2 fungi (Lair:4)
  2 plants (Lair:2)
  A starspawn tentacle (Abyss:2)
133 creatures vanquished.

Vanquished Creatures (others)
  A raiju (Abyss:2)
  A human (Lair:5)
  A basilisk (Lair:5)
  A small abomination (Abyss:2)
  19 battlemagi
  A bush (Lair:5)
  10 fungi
  3 plants
  A starspawn tentacle (Abyss:2)
38 creatures vanquished.

Grand Total: 524 creatures vanquished

Notes
Turn   | Place    | Note
-------+----------+-------------------------------------------
     0 | D:1      | rastmirit1 the Gargoyle Fighter began the quest for the Orb.
     0 | D:1      | Reached XP level 1. HP: 14/14 MP: 1/1
   108 | D:1      | Reached XP level 2. HP: 19/19 MP: 2/2
   516 | D:2      | Reached XP level 3. HP: 21/23 MP: 3/3
   553 | D:2      | Noticed Jessica
   559 | D:2      | Killed Jessica
   559 | D:2      | Reached skill level 4 in Shields
   559 | D:2      | Reached XP level 4. HP: 22/28 MP: 4/4
   668 | D:2      | Found a sparkling altar of Nemelex Xobeh.
  1121 | D:3      | Noticed Impy's ghost (amateur OgWz)
  1140 | D:3      | Killed Impy's ghost
  1140 | D:3      | Reached skill level 5 in Shields
  1140 | D:3      | Reached XP level 5. HP: 27/33 MP: 5/5
  1140 | D:3      | Reached XP level 6. HP: 31/38 MP: 6/6
  1887 | D:4      | Noticed Sigmund
  1895 | D:4      | Killed Sigmund
  1895 | D:4      | Reached skill level 5 in Armour
  1895 | D:4      | Reached XP level 7. HP: 38/43 MP: 7/7
  2033 | D:4      | Reached skill level 5 in Maces & Flails
  2211 | D:4      | Noticed Menkaure
  2220 | D:4      | Killed Menkaure
  2220 | D:4      | Reached skill level 6 in Shields
  2220 | D:4      | Reached XP level 8. HP: 30/48 MP: 8/8
  2311 | D:4      | Found a staircase to the Ecumenical Temple.
  2322 | D:4      | Noticed Grinder
  2334 | D:4      | Killed Grinder
  2631 | Temple   | Entered the Ecumenical Temple
  2735 | Temple   | Became a worshipper of Hepliaklqana the Forgotten
  2778 | D:5      | Entered Level 5 of the Dungeon
  2967 | D:5      | Found a burning altar of Makhleb.
  2978 | D:5      | Reached skill level 7 in Shields
  2993 | D:5      | Noticed novi's ghost (novice MiBe)
  3007 | D:5      | Killed novi's ghost
  3007 | D:5      | Reached XP level 9. HP: 46/46 MP: 9/9
  3128 | D:5      | Found an iron altar of Okawaru.
  3496 | D:6      | Reached skill level 8 in Shields
  3521 | D:6      | Found a deep blue altar of Sif Muna.
  3540 | D:6      | Reached * piety under Hepliaklqana
  4145 | D:6      | Identified Sif Muna's Reference Book on the Arsonist
  4178 | D:7      | Reached skill level 5 in Fighting
  4380 | D:7      | Reached XP level 10. HP: 39/53 MP: 10/10
  4460 | D:7      | Reached skill level 9 in Shields
  5562 | D:8      | Reached ** piety under Hepliaklqana
  5636 | D:8      | Remembered your ancestor Rastmirit as a battlemage
  5831 | D:9      | Found a radiant altar of Vehumet.
  5883 | D:9      | Found a basalt altar of Yredelemnul.
  5929 | D:9      | Reached skill level 10 in Shields
  6202 | D:9      | Found Fozu's Weapon Shop.
  6275 | D:9      | Found a hide-covered altar of Uskayaw.
  6275 | D:9      | Found a shattered altar of Ashenzari.
  6280 | D:9      | Found a faded altar of an unknown god.
  6282 | D:9      | Found a white marble altar of Elyvilon.
  6285 | D:9      | Found a faded altar of an unknown god.
  6323 | D:10     | Entered Level 10 of the Dungeon
  6651 | D:10     | Reached skill level 10 in Maces & Flails
  6679 | D:10     | Reached XP level 11. HP: 17/57 MP: 11/11
  7423 | D:10     | Found a staircase to the Lair.
  7437 | D:10     | Reached skill level 10 in Armour
  7569 | D:10     | Reached *** piety under Hepliaklqana
  8011 | Lair:1   | Entered Level 1 of the Lair of Beasts
  8091 | Lair:1   | Reached skill level 11 in Shields
  8270 | Lair:1   | Noticed an eight-headed hydra
  8276 | Lair:1   | Killed an eight-headed hydra
  9455 | Lair:2   | Reached **** piety under Hepliaklqana
  9587 | Lair:2   | Noticed a five-headed hydra
  9598 | Lair:2   | Killed a five-headed hydra
  9682 | Lair:2   | Found a hole to the Spider Nest.
  9682 | Lair:2   | Noticed a wolf spider
  9688 | Lair:2   | Killed a wolf spider
  9688 | Lair:2   | Reached skill level 12 in Shields
  9998 | Lair:2   | Reached XP level 12. HP: 46/63 MP: 12/12
 10318 | Lair:3   | Found a staircase to the Shoals.
 11313 | Lair:4   | Reached skill level 13 in Shields
 11504 | Lair:4   | Noticed a death yak
 11527 | Lair:4   | Killed a death yak
 11616 | Lair:4   | Reached XP level 13. HP: 21/70 MP: 13/13
 12605 | Lair:5   | Got a slimy quarterstaff
 13047 | Lair:5   | Found a staircase to the Slime Pits.
 13048 | Lair:5   | Found a viscous altar of Jiyva.
 13226 | Lair:5   | Noticed Kirke
 13254 | Lair:5   | Killed Kirke
 13254 | Lair:5   | Reached skill level 14 in Shields
 13653 | Lair:6   | Entered Level 6 of the Lair of Beasts
 13771 | Lair:6   | Got a jewelled cloak
 13782 | Lair:6   | Identified the +2 cloak "Trusted Companion" {*Corrode rN+ MP+9} (You found it on level 6 of the Lair of Beasts)
 13904 | Lair:6   | Noticed Rupert
 13910 | Lair:6   | Paralysed by Rupert for 4 turns
 13917 | Lair:6   | Killed Rupert
 14184 | Lair:6   | Gained mutation: Your large and strong wings let you fly indefinitely. [Gargoyle growth]
 14184 | Lair:6   | Reached XP level 14. HP: 77/77 MP: 14/14
 14364 | Lair:6   | Reached skill level 15 in Shields
 14452 | Lair:6   | Reached ***** piety under Hepliaklqana
 14591 | Lair:6   | Found a burning altar of Makhleb.
 14997 | Lair:6   | Cast into level 2 of the Abyss (red devil)
 15020 | Abyss:2  | Noticed a tentacled starspawn
 15037 | Abyss:2  | Killed a tentacled starspawn
 15456 | Abyss:2  | Gained mutation: [You are very clumsy. (Dex -4)] [a neqoxec]
 15459 | Abyss:2  | Gained mutation: You expend magic power (3 MP) to strengthen your wands. [a neqoxec]
 15464 | Abyss:2  | Gained mutation: [You are very weak. (Str -4)] [a neqoxec]
 15555 | Abyss:2  | Noticed a cacodemon
 15566 | Abyss:2  | Gained mutation: You are dopey. (Int -2) [a cacodemon]
 15591 | Abyss:2  | HP: 2/78 [orange demon[a cacodemon] (4)]
 15592 | Abyss:2  | Lost intelligence.
 15592 | Abyss:2  | Slain by a cacodemon

Skill      XL: |  1  2  3  4  5  6  7  8  9 10 11 12 13 14 |
---------------+-------------------------------------------+-----
Shields        | 4 5 6 7 8 10 12 13 14 15 | 15.7
Maces & Flails | 3 4 5 7 8 10 11 12 13 | 13.8
Armour         | 4 5 6 8 9 10 11 12 13 | 13.5
Fighting       | 4 5 6 8 9 |  9.8

Action                   |  1- 3 |  4- 6 |  7- 9 | 10-12 | 13-15 || total
-------------------------+-------+-------+-------+-------+-------++-------
Melee: Flail             |    84 |   151 |       |       |       ||   235
       Morningstar       |       |     8 |   410 |   743 |   567 ||  1728
       Unarmed           |       |       |       |       |    15 ||    15
Invok: Recall Ancestor   |       |       |     1 |     2 |     2 ||     5
       Ancestor Identity |       |       |     1 |       |       ||     1
       Ancestor Life: Ba |       |       |       |     1 |       ||     1
       Idealise          |       |       |       |     1 |     3 ||     4
       Transference      |       |       |       |       |     3 ||     3
Evoke: Wand              |       |       |       |     2 |     6 ||     8
  Use: Scroll            |     2 |     3 |     3 |    10 |     4 ||    22
       Potion            |       |     2 |     4 |     8 |    13 ||    27
 Stab: Distracted        |       |       |     1 |     5 |     4 ||    10
       Invisible         |       |       |     1 |       |       ||     1
  Eat: Bread ration      |       |     1 |       |     2 |     1 ||     4
       Meat ration       |       |       |     1 |       |     1 ||     2
       Pizza             |       |       |     3 |     3 |     1 ||     7
       Fruit             |       |       |     1 |       |     4 ||     5
       Beef jerky        |       |       |       |     5 |       ||     5
       Chunk             |       |       |       |     5 |       ||     5
Armor: Scale mail        |    62 |    94 |    81 |       |       ||   237
       Plate armour      |       |       |   164 |   546 |   315 ||  1025
       Skin              |       |       |     5 |     9 |    35 ||    49
Dodge: Dodged            |    22 |    51 |   104 |   190 |   145 ||   512
Block: Shield            |    55 |    96 |   219 |   563 |   503 ||  1436
       Other             |       |       |       |       |     2 ||     2
